 Dungeon Crawl Stone Soup version 0.26-a0-663-g36e8fdb655 (webtiles) character file.

Game seed: 13318005403974683851

4134 Napalmbreeze the Fighter (level 10, -1/93 HPs)
             Began as a Ghoul Gladiator on Oct 12, 2020.
             Was a Believer of Yredelemnul.
             Slain by a wolf (4 damage)
             ... led by Grum
             ... on level 9 of the Dungeon.
             The game lasted 00:17:41 (9050 turns).

Napalmbreeze the Fighter (Ghoul Gladiator)          Turns: 9050, Time: 00:17:42

Health: -1/93      AC: 15    Str: 28    XL:     10   Next: 27%
Magic:  0/12       EV: 12    Int:  3    God:    Yredelemnul [**....]
Gold:   558        SH:  0    Dex: 10    Spells: 9/9 levels left

rFire    . . .     SeeInvis .   a - +0 trident
rCold    + + .     Faith    .   (no shield)
rNeg     + + +     Spirit   +   C - +0 scale mail
rPois    ∞         Reflect  .   o - +2 helmet
rElec    .         Harm     .   v - +0 cloak
rCorr    .         Rampage  .   (no gloves)
MR       .....                  (no boots)
Stlth    ..........             k - amulet of guardian spirit
HPRegen  0.00/turn              y - ring "Ricah" {rC+ rN+ Str+6}
MPRegen  0.13/turn              l - +4 ring of protection

@: slowed, invisible, very slow
A: rotting body, claws 1, cold resistance 1, negative energy resistance 3,
inhibited regeneration, torment resistance, unbreathing
a: Animate Remains, Recall Undead Slaves, Injury Mirror, Renounce Religion


You were on level 9 of the Dungeon.
You worshipped Yredelemnul.
Yredelemnul was pleased with you.
You visited 2 branches of the dungeon, and saw 10 of its levels.

You collected 558 gold pieces.

Inventory:

Hand Weapons
 a - a +0 trident (weapon)
Missiles
 d - a throwing net (quivered)
Armour
 c - a +0 helmet
 o - a +2 helmet (worn)
 v - a +0 cloak (worn)
 C - a +0 scale mail (worn)
Jewellery
 j - an uncursed ring of flight
 k - an amulet of guardian spirit (around neck)
 l - a +4 ring of protection (right claw)
 y - the ring "Ricah" (left claw) {rC+ rN+ Str+6}
   (You found it on level 5 of the Dungeon)

   [ring of strength]

   It affects your strength (+6).
   It protects you from cold.
   It protects you from negative energy.
 E - an uncursed ring of resist corrosion
 J - an uncursed ring of fire
Wands
 n - a wand of disintegration (8)
 z - a wand of random effects (35)
 F - a wand of iceblast (5)
 K - a wand of digging (5)
Scrolls
 b - 2 scrolls of remove curse
 f - 4 scrolls of enchant armour
 g - 2 scrolls of magic mapping
 h - a scroll of amnesia {unknown}
 i - 2 scrolls of immolation {unknown}
 m - 3 scrolls of enchant weapon
 p - 2 scrolls of fog
 q - 2 scrolls of blinking
 t - a scroll of random uselessness {unknown}
 x - 4 scrolls of teleportation
 G - a scroll of fear {unknown}
 H - a scroll of identify
 I - a scroll of vulnerability {unknown}
Potions
 e - a potion of brilliance
 r - 2 potions of magic
 u - 2 potions of invisibility
 w - 3 potions of lignification
 A - a potion of heal wounds {unknown}
 B - a potion of stabbing {unknown}
 D - a potion of flight {unknown}


   Skills:
 - Level 10.0 Fighting
 + Level 7.4 Polearms
 - Level 1.7 Throwing
 + Level 5.2 Armour
 - Level 5.0 Dodging
 - Level 5.0 Invocations


You had 9 spell levels left.
You didn't know any spells.
Your spell library contained the following spells:

 Spells                   Type           Power        Failure   Level
 Freeze                   Ice            #...         77%         1
 Magic Dart               Conj           #...         77%         1
 Frozen Ramparts          Ice            #.....       98%         3
 Ozocubu's Armour         Ice            #.......     98%         3
 Hailstorm                Conj/Ice       #.......     100%        4
 Summon Ice Beast         Ice/Summ       #.......     100%        4


Dungeon Overview and Level Annotations

Branches:
Dungeon (9/15)             Temple (1/1) D:5            Lair (0/6) D:8
    Orc: D:9-12

Altars:
Ashenzari
Elyvilon
Fedhas
Gozag
Kikubaaqudgha
Makhleb
Okawaru
Qazlal
Sif Muna
Trog
Uskayaw
Vehumet
Wu Jian
Xom
Yredelemnul
Zin
The Shining One

Shops:
D:6 *

Annotations:
D:5 2 transporters
D:9 Grum


Innate Abilities, Weirdness & Mutations

Your body is rotting away.
You thrive by killing the living.
You are immune to poison.
You have sharp fingernails.
Your flesh is cold resistant. (rC+)
You are immune to negative energy. (rN+++)
You do not regenerate when monsters are visible.
You are immune to unholy pain and torment.
You can survive without breathing.


Message History

Grum hits you from afar with a +1 spear.
* * * LOW HITPOINT WARNING * * *
The orc throws a boomerang.
The boomerang hits you but does no damage.
The weapon returns to the orc!
The bullfrog barely misses you.
Unknown command.
You fade into invisibility!
The wolf closely misses you. The wolf bites you but does no damage.
The orc wizard barely misses you.
The bullfrog hits you but does no damage.
The orc throws a boomerang.
The boomerang hits you.
* * * LOW HITPOINT WARNING * * *
The weapon returns to the orc!
The wolf misses you. The wolf closely misses you.
The orc wizard closely misses you. Grum barely misses you.
The orc throws a boomerang.
The boomerang barely misses you.
The weapon returns to the orc!
The bullfrog hits you but does no damage.
The wolf barely misses you. The wolf bites you.
You die...
Yredelemnul claims you as an undead slave.

.......#..#....................
#. #.......#.......#.##........
###.##.......#......######.......
#...................^#. ...#...
........(.......##...... ..## .#
.#..........).....##.. #.. .
.≈§#^..((.P.)#g....(.... #..
^._....(_....#(Fhh...... ..#
^#≈#≈..P....(.oo@.......
.^^≈........##..o.....#.
##.........##.........#
..c...(....##...<.....#
.....................##
.c..........#...(......
..##.....##.........(... ##.#
#.............


You could see Grum, 2 wolves, a bullfrog, an orc wizard (fast) and 2 orcs.

Vanquished Creatures
  A komodo dragon (D:8)
  A troll (D:8)
  Sigmund (D:3)
  A basilisk (D:8)
  Menkaure (D:4)
  An acid dragon (D:8)
  2 water moccasins (D:6)
  2 black bears
  2 ice beasts
  A phantom (D:8)
  2 centaurs
  3 ogres
  4 bullfrogs
  2 big kobolds (D:8)
  2 scorpions
  14 killer bees
  A centaur zombie (D:6)
  An orc priest (D:4)
  A centaur skeleton (D:6)
  5 hounds
  3 orc wizards
  Jessica (D:2)
  Natasha (thrice) (D:3)
  2 iguanas
  2 worker ants
  Robin (D:4)
  3 gnolls
  18 adders
  2 shadow imps (D:7)
  3 ufetubi
  3 adder skeletons
  3 worms
  2 dart slugs
  3 leopard geckos
  18 orcs
  9 bats
  7 giant cockroaches
  12 goblins
  10 hobgoblins
  3 jackals (D:2)
  14 kobolds
  6 quokkas
  A ball python (D:6)
  4 frilled lizards
  A jackal zombie (D:5)
  A quokka skeleton (D:8)
  14 rats
197 creatures vanquished.

Vanquished Creatures (collateral kills)
  A wyvern (D:8)
  An iguana (D:8)
  An orc wizard (D:9)
  2 adders (D:8)
  A leopard gecko (D:8)
  A quokka (D:8)
7 creatures vanquished.

Vanquished Creatures (others)
  A centaur zombie (D:8)
  2 hound zombies (D:8)
  An iguana zombie (D:8)
  2 killer bee zombies (D:9)
  A quokka zombie (D:8)
  2 fungi (D:9)
  76 plants
85 creatures vanquished.

Grand Total: 289 creatures vanquished

Notes
Turn   | Place    | Note
-------+----------+-------------------------------------------
     0 | D:1      | Napalmbreeze the Ghoul Gladiator began the quest for the
                  | Orb.
     0 | D:1      | Reached XP level 1. HP: 17/17 MP: 0/0
   192 | D:1      | Reached XP level 2. HP: 21/25 MP: 1/1
   614 | D:1      | Reached XP level 3. HP: 7/30 MP: 2/2
  1251 | D:2      | Reached skill level 3 in Fighting
  1339 | D:2      | Noticed Jessica
  1345 | D:2      | Killed Jessica
  1345 | D:2      | Reached XP level 4. HP: 38/38 MP: 3/3
  1852 | D:2      | Reached XP level 5. HP: 43/45 MP: 4/4
  2142 | D:3      | Noticed Natasha
  2155 | D:3      | Killed Natasha
  2244 | D:3      | Reached skill level 4 in Fighting
  2244 | D:3      | Reached skill level 5 in Polearms
  2451 | D:3      | Found a radiant altar of Vehumet.
  2521 | D:3      | Reached XP level 6. HP: 50/53 MP: 5/5
  2844 | D:3      | Reached skill level 5 in Fighting
  3099 | D:3      | Noticed Natasha
  3108 | D:3      | Killed Natasha
  3180 | D:3      | Found a radiant altar of Vehumet.
  3595 | D:3      | Noticed Natasha
  3600 | D:3      | Killed Natasha
  3600 | D:3      | Reached skill level 6 in Fighting
  3642 | D:4      | Noticed Sigmund
  3794 | D:4      | Reached XP level 7. HP: 52/63 MP: 4/6
  3834 | D:3      | Killed Sigmund
  3968 | D:4      | Noticed Robin
  4006 | D:4      | Killed Robin
  4085 | D:4      | Noticed Menkaure
  4096 | D:4      | Killed Menkaure
  4096 | D:4      | Reached skill level 7 in Fighting
  4317 | D:4      | Reached XP level 8. HP: 62/73 MP: 4/7
  4792 | D:5      | Entered Level 5 of the Dungeon
  4821 | D:5      | Found a staircase to the Ecumenical Temple.
  4836 | Temple   | Entered the Ecumenical Temple
  4861 | Temple   | Became a worshipper of Yredelemnul the Dark
  4890 | D:5      | Got a crude copper ring
  4955 | D:5      | Reached skill level 8 in Fighting
  4955 | D:5      | Reached skill level 5 in Dodging
  4955 | D:5      | Reached skill level 1 in Invocations
  5278 | D:5      | Found a radiant altar of Vehumet.
  5278 | D:5      | Found an ancient bone altar of Kikubaaqudgha.
  5280 | D:5      | Found a shimmering blue altar of Sif Muna.
  5288 | D:5      | Identified Vehumet's Papyrus of Arcane Weapons
  5319 | D:5      | Found a transporter.
  5325 | D:5      | Found a transporter.
  5325 | D:5      | Noticed a troll
  5346 | D:5      | Found a glowing golden altar of the Shining One.
  5839 | D:5      | Found a white marble altar of Elyvilon.
  5927 | D:6      | Reached skill level 5 in Invocations
  6125 | D:6      | Reached skill level 1 in Armour
  6125 | D:6      | Reached XP level 9. HP: 71/81 MP: 11/11
  6264 | D:6      | Found a white marble altar of Elyvilon.
  6413 | D:6      | Found Geegof's Serpentskin Sales.
  6893 | D:7      | Identified the ring "Ricah" {rC+ rN+ Str+6} (You found it
                  | on level 5 of the Dungeon)
  7194 | D:8      | Found a shimmering altar of Xom.
  7195 | D:8      | Found a burning altar of Makhleb.
  7195 | D:8      | Found an ornate altar of the Wu Jian Council.
  7238 | D:8      | Reached * piety under Yredelemnul
  7289 | D:8      | Noticed a troll
  7293 | D:8      | Reached skill level 9 in Fighting
  7308 | D:8      | Killed a troll
  7809 | D:8      | Noticed a komodo dragon
  7833 | D:8      | HP: 4/84 [komodo dragon (21)]
  8352 | D:8      | Reached XP level 10. HP: 87/92 MP: 10/12
  8517 | D:8      | Reached skill level 10 in Fighting
  8526 | D:8      | Found a staircase to the Lair.
  8963 | D:9      | Found a blossoming altar of Fedhas.
  8984 | D:9      | Reached skill level 5 in Armour
  8991 | D:9      | Reached ** piety under Yredelemnul
  9015 | D:9      | Found a stormy altar of Qazlal.
  9041 | D:9      | Noticed Grum
  9048 | D:9      | HP: 4/93 [Grum/+1 spear (2)]
  9050 | D:9      | Slain by a wolf

Illustrated notes

Levels and vault maps discovered:
D:1:      elethiomel_arrival_infinity_welcomes_careful_drivers,
          layout_loops_cross
D:2:      layout_loops_ring, uniq_jessica
D:3:      wad_woods_stonehenge, layout_basic, uniq_natasha
D:4:      layout_rooms, kennysheep_generic_room_5, uniq_menkaure, uniq_sigmund,
          uniq_robin
D:5:      layout_layer_cave, grunt_temple_overflow_magic_moments,
          gammafunk_temple_overflow_arena, kennysheep_mini,
          minmay_temple_entry_grid
D:6:      layout_rooms, basic_altar, kennysheep_another_room,
          guppyfry_shop_venom
D:7:      layout_loops_ring
D:8:      layout_rooms, chequers_temple_overflow_statue_of_worship,
          erik_lair_dragon
D:9:      layout_cave_pools, grunt_temple_overflow_forces_of_nature,
          riverfiend_overflow_shadow_ancestor, hangedman_incinerator, uniq_grum,
          uniq_psyche
Temple:   eino_temple_lava

Skill      XL: |  1  2  3  4  5  6  7  8  9 10 |
---------------+-------------------------------+-----
Polearms       | 3 4 5 6 7 |  7.4
Fighting       | 3 4 6 7 8 9 10 | 10.0
Dodging        | 4 5 |  5.0
Invocations    | 5 |  5.0
Armour         | 1 4 5 |  5.2
Throwing       | |  1.7

Action                   |  1- 3 |  4- 6 |  7- 9 | 10-12 || total
-------------------------+-------+-------+-------+-------++-------
Melee: Trident           |   116 |   255 |   527 |    76 ||   974
Throw: Throwing net      |     3 |       |     1 |       ||     4
Invok: Animate Remains   |       |       |     5 |     6 ||    11
Evoke: Wand              |       |       |     4 |       ||     4
  Use: Potion            |       |       |     3 |     2 ||     5
       Scroll            |       |       |     9 |     2 ||    11
Armor: Leather armour    |    27 |    79 |   109 |       ||   215
       Scale mail        |       |       |   137 |    70 ||   207
Dodge: Dodged            |    73 |   145 |   359 |    88 ||   665

Table legend: (Time is in decaauts)
 A = Elapsed time spent in this place.
 B = Non-inter-level travel time spent in this place.
 C = Inter-level travel time spent in this place.
 D = Time resting spent in this place.
 E = Time spent auto-exploring this place.
 F = Levels seen in this place.
 G = Mean time per level.
                   A        B        C        D        E       F      G
               +--------+--------+--------+--------+--------+-----+--------+
         Total |   9191 |   8844 |    347 |    955 |   5632 |  10 |  919.1 |
       Dungeon |   9157 |   8810 |    347 |    955 |   5614 |   9 | 1017.4 |
        Temple |     33 |     33 |      0 |      0 |     18 |   1 |   33.0 |
               +--------+--------+--------+--------+--------+-----+--------+

Top non-repeatable levels by time:
     D:3: 2027 daAuts
     D:8: 1511 daAuts
     D:1: 1162 daAuts
     D:5: 1094 daAuts
     D:7: 893 daAuts
     D:4: 884 daAuts
     D:2: 786 daAuts
     D:6: 689 daAuts
     D:9: 108 daAuts
  Temple: 33 daAuts
